 Dungeon Crawl Stone Soup version 0.20.1-1-g8b1a95d66d (webtiles) character file.

47 Meaglor the Caller (level 3, 0/19 HPs)
             Began as a Tengu Summoner on Nov 30, 2017.
             Killed by divine providence
             ... invoked by an orc priest
              (15 damage)
             ... on level 3 of the Dungeon.
             The game lasted 00:09:01 (1750 turns).

Meaglor the Caller (Tengu Summoner)                 Turns: 1750, Time: 00:09:05

Health: 0/19       AC:  3    Str:  8    XL:     3   Next: 70%
Magic:  6/7        EV: 14    Int: 16    God:
Gold:   60         SH:  0    Dex: 14    Spells: 0/6 levels left

rFire    x . .     SeeInvis .   g - +0 short sword
rCold    + . .     Gourm    .   (no shield)
rNeg     . . .     Faith    .   e - +0 leather armour
rPois    .         Spirit   .   (helmet restricted)
rElec    .         Reflect  .   (no cloak)
rCorr    .         Harm     .   (no gloves)
MR       .....                  (boots unavailable)
Stlth    ++........             (no amulet)
Regen    0.1/turn               i - ring of ice
MPRegen  0.1/turn               (no ring)

@: flying quickly and evasively, quick
A: beak, talons 3
a: no special abilities


You were on level 3 of the Dungeon.
You were not hungry.

You visited 1 branch of the dungeon, and saw 3 of its levels.

You collected 60 gold pieces.

Inventory:

Hand Weapons
 g - a +0 short sword (weapon)
 l - a +0 hunting sling
Armour
 a - a +0 robe
 e - a +0 leather armour (worn)
Jewellery
 i - a ring of ice (left hand)
 n - an uncursed ring of poison resistance {unknown}
Wands
 m - a wand of random effects (48/48)
Scrolls
 d - a scroll of random uselessness {unknown}
 h - a scroll of identify {unknown}
 j - a scroll of enchant weapon
Books
 b - a book of Callings

   Spells                             Type                      Level
   a - Summon Small Mammal            Summoning                    1
   b - Call Imp                       Summoning                    2
   c - Call Canine Familiar           Summoning                    3
   d - Summon Guardian Golem          Hexes/Summoning              3
   e - Summon Lightning Spire         Summoning/Air                4
   f - Summon Ice Beast               Ice/Summoning                4
Comestibles
 c - a bread ration
 k - a meat ration


   Skills:
 + Level 0.2 Fighting
 + Level 0.4 Short Blades
 + Level 0.4 Armour
 + Level 2.5 Dodging
 + Level 2.1 Stealth
 + Level 0.7 Unarmed Combat
 + Level 2.2 Spellcasting
 + Level 5.5 Summonings


You couldn't memorise any spells.
You knew the following spells:

 Your Spells              Type           Power        Failure   Level  Hunger
a - Summon Small Mammal   Summ           ###.         3%          1    #......
b - Call Imp              Summ           ###.....     4%          2    ###....
c - Call Canine Familiar  Summ           ###.....     9%          3    ###....


Dungeon Overview and Level Annotations

Branches:
Dungeon (3/15)

Altars:


Innate Abilities, Weirdness & Mutations

You have a beak for a mouth.
You have claws for feet.


Message History

You hit the orc.
You kill the orc!
You hit the orc priest but do no damage.
Your peck misses the orc priest.
The orc priest is moderately wounded.
Your crimson imp blinks!
The orc priest looks satisfied for a moment.
You hit the orc priest.
The orc priest is severely wounded.
The orc priest closely misses you.
You barely miss the orc priest.
The orc priest is severely wounded.
The orc priest looks encouraged for a moment.
You hit the orc priest.
The orc priest is severely wounded.
Your crimson imp closely misses the orc.
The orc priest invokes the aid of Beogh against you.
Beogh smites you!
Ouch! That really hurt!
You die...

#.# #.# #.#
#.# ######
#5# #....#
#o# #....#
#o# #....#
###@#
#....#
#...#
#....#
#.###
#....#
#.#..
#....#
#.#.#####
#....######
#.#.#...#
..........#
#.#.#.#.#
#....####.#
#.#.....#
###### #.#
#.#.#####.#


You could see an orc priest, an orc and a friendly crimson imp.

Vanquished Creatures
  An adder (D:2)
  A worm (D:2)
  An orc (D:3)
  3 giant cockroaches
  3 goblins
  A hobgoblin (D:1)
  5 kobolds
  3 ball pythons
  4 bats
  A frilled lizard (D:2)
  5 rats
28 creatures vanquished.

Vanquished Creatures (collateral kills)
  A worm (D:2)
  A dart slug (D:1)
  2 leopard geckos (D:1)
  A ball python (D:1)
  2 goblins (D:1)
  2 rats (D:1)
9 creatures vanquished.

Grand Total: 37 creatures vanquished

Notes
Turn   | Place    | Note
-------+----------+-------------------------------------------
     0 | D:1      | Meaglor the Tengu Summoner began the quest for the Orb.
     0 | D:1      | Reached XP level 1. HP: 10/10 MP: 4/4
    52 | D:1      | Reached skill level 5 in Summonings
   115 | D:1      | Reached XP level 2. HP: 12/15 MP: 1/6
   305 | D:1      | Learned a level 2 spell: Call Imp
   956 | D:2      | Reached XP level 3. HP: 19/19 MP: 7/7
  1042 | D:2      | Learned a level 3 spell: Call Canine Familiar
  1750 | D:3      | Killed from afar by an orc priest

Skill      XL: |  1 |
---------------+----+-----
Summonings     | 5 |  5.5
Fighting       | |  0.2
Short Blades   | |  0.4
Armour         | |  0.4
Dodging        | |  2.5
Stealth        | |  2.1
Unarmed Combat | |  0.7
Spellcasting   | |  2.2

Action                   || total
-------------------------++-------
Melee: Unarmed           ||    21
       Kick              ||    22
       Dagger            ||    49
       Peck              ||    16
       Short sword       ||    29
 Cast: Summon Small Mamm ||     8
       Call Imp          ||     7
  Use: Scroll            ||     3
       Potion            ||     4
 Stab: Sleeping          ||     3
  Eat: Bread ration      ||     1
Armor: Robe              ||     4
       Leather armour    ||    20
Dodge: Dodged            ||    51
